 Dungeon Crawl Stone Soup version 0.30.1-11-g7821555f0a (webtiles) character file.

Game seed: 6591637099521001334

28 SacredBeard the Vexing (level 3, 0/20 HPs)
             Began as a Deep Elf Hexslinger on Oct 30, 2023.
             Slain by a kobold
             ... wielding a +0 club
              (2 damage)
             ... on level 1 of the Dungeon.
             The game lasted 00:01:29 (382 turns).

SacredBeard the Vexing (Deep Elf Hexslinger)         Turns: 382, Time: 00:01:30

Health: 0/20       AC:  2    Str:  7    XL:     3   Next: 0%
Magic:  8/8        EV: 13    Int: 17    God:
Gold:   33         SH:  0    Dex: 17    Spells: 5/6 levels left

rFire   . . .        a - +1 sling
rCold   . . .        (no shield)
rNeg    . . .        c - +0 robe
rPois   .            (no helmet)
rElec   .            (no cloak)
rCorr   .            (no gloves)
SInv    .            (no boots)
Will    .....        (no amulet)
Stlth   ++           (no ring)
HPRegen 0.23/turn    (no ring)
MPRegen 0.11/turn

%: no passive effects
@: no status effects
A: no striking features
a: no special abilities


You were on level 1 of the Dungeon.
You visited 1 branch of the dungeon, and saw 1 of its levels.

You collected 33 gold pieces.

Inventory:

Hand Weapons
 a - a +1 sling (weapon)
Armour
 c - a +0 robe (worn)
Scrolls
 b - a scroll of poison
 d - a scroll of blinking {unknown}
 f - 2 scrolls of teleportation {unknown}
Potions
 e - a potion of mutation {unknown}
 g - a potion of lignification {unknown}
 h - a potion of ambrosia {unknown}


   Skills:
 - Level 1.0 Fighting
 * Level 3.5 Ranged Weapons
 + Level 0.4 Armour
 + Level 2.8 Dodging
 + Level 2.0 Spellcasting
 + Level 4.2 Hexes


You had 5 spell levels left.
You knew the following spells:

 Your Spells              Type           Power      Damage    Failure   Level
a - Slow                  Hex            64%        N/A       3%          1

Your spell library contained the following spells:

 Spells                   Type           Power      Damage    Failure   Level
 Inner Flame              Hex/Fire       8%         N/A       24%         3
 Portal Projectile        Hex/Tloc       16%        N/A       24%         3
 Cause Fear               Hex            8%         N/A       32%         4


Dungeon Overview and Level Annotations

Branches:
Dungeon (1/15) Zot: 5600

Altars:


Message History

The sling bullet hits the giant cockroach.
The giant cockroach is almost dead.
The kobold barely misses you.
You shoot a sling bullet.
The sling bullet barely misses the kobold.
The sling bullet hits the giant cockroach.
You kill the giant cockroach!
The kobold barely misses you.
You have reached level 3!
Your experience leads to an increase in your attributes!
Increase (S)trength, (I)ntelligence, or (D)exterity?
You feel agile. x2
You shoot a sling bullet.
The sling bullet hits the kobold but does no damage.
The kobold barely misses you.
You shoot a sling bullet.
The sling bullet barely misses the kobold.
The kobold hits you with a +0 club.
You shoot a sling bullet.
The sling bullet barely misses the kobold.
The kobold hits you but does no damage. The kobold closely misses you.
You shoot a sling bullet.
The sling bullet barely misses the kobold.
The kobold hits you with a +0 club.
You shoot a sling bullet.
The sling bullet closely misses the kobold.
The kobold closely misses you.
You shoot a sling bullet.
The sling bullet barely misses the kobold.
The kobold hits you with a +0 club.
* * * LOW HITPOINT WARNING * * *
You shoot a sling bullet.
The sling bullet closely misses the kobold.
The kobold hits you with a +0 club.
* * * LOW HITPOINT WARNING * * *
The kobold closely misses you.
You shoot a sling bullet.
The sling bullet barely misses the kobold.
The kobold hits you with a +0 club.
You die...

#.......#
#.#####)# #.#
#[# #.#
#.###### #.#
#......# #.#
######.#
#.###### #)#
##
.......#####.#
. #..†K@..#
#..###### ##
#.......# .#
#.K.###... ##
†..## # |#.##
# .##.. .# #..
.# #..


You could see a kobold.

Vanquished Creatures
  A dart slug (D:1)
  2 bats (D:1)
  4 endoplasms (D:1)
  A giant cockroach (D:1)
  2 goblins (D:1)
  A hobgoblin (D:1)
  4 jackals (D:1)
  2 kobolds (D:1)
  A quokka (D:1)
  2 frilled lizards (D:1)
  2 rats (D:1)
22 creatures vanquished.

Notes
Turn   | Place    | Note
-------+----------+-------------------------------------------
     0 | D:1      | SacredBeard the Deep Elf Hexslinger began the quest for the
                  | Orb.
     0 | D:1      | Reached XP level 1. HP: 11/11 MP: 5/5
   140 | D:1      | Reached XP level 2. HP: 16/16 MP: 6/6
   175 | D:1      | Reached skill level 1 in Fighting
   375 | D:1      | Reached XP level 3. HP: 11/20 MP: 8/8
   382 | D:1      | Slain by a kobold

Illustrated notes

Levels and vault maps discovered:
D:1:      dpeg_arrival_court, layout_loops_ring, roderic_malta_cross,
          corexii_hall_statues_x, nicolae_concentric_dashed_squares_wild,
          minmay_nonomino_d4

Skill      XL: |  1  2 |
---------------+-------+-----
Ranged Weapons | 3 |  3.5
Fighting       | 1 |  1.0
Spellcasting   | 2 |  2.0
Armour         | |  0.4
Dodging        | |  2.8
Hexes          | |  4.2

Action                     || total
---------------------------++-------
   Fire: Sling             ||    69
 Armour: Robe              ||     5
  Dodge: Dodged            ||    32
